 Dungeon Crawl Stone Soup version 0.30.1-11-g7821555f0a (webtiles) character file.

Game seed: 2337128425796718033

46 Lutefisk the Gusty (level 3, -3/23 HPs)
             Began as a Tengu Air Elementalist on Dec 10, 2023.
             Slain by Pargi (7 damage)
             ... in a sewer.
             The game lasted 00:07:02 (588 turns).

Lutefisk the Gusty (Tengu Air Elementalist)          Turns: 588, Time: 00:07:02

Health: -3/23      AC:  2    Str:  8    XL:     3   Next: 66%
Magic:  7/7        EV: 12    Int: 17    God:
Gold:   101        SH:  0    Dex: 14    Spells: 5/6 levels left

rFire   + . .        e - +0 short sword
rCold   + . .        (no shield)
rNeg    . . .        a - +0 robe
rPois   +            (helmet restricted)
rElec   +            (no cloak)
rCorr   +            (no gloves)
SInv    +            (boots unavailable)
Will    .....        (no amulet)
Stlth   ++           g - ring of see invisible
HPRegen 0.23/turn    (no ring)
MPRegen 0.10/turn

%: no passive effects
@: resistant, weak-willed
A: beak, talons 3
a: no special abilities


You were in a sewer.
You visited 1 branch of the dungeon, and saw 3 of its levels.
You also visited: Sewer.

You collected 101 gold pieces.

Inventory:

Hand Weapons
 e - a +0 short sword (weapon)
Missiles
 k - 10 poisoned darts
Armour
 a - a +0 robe (worn)
Jewellery
 g - a ring of see invisible (left hand)
Scrolls
 c - a scroll of identify
 i - a scroll of enchant armour {unknown}
 m - a scroll of fear {unknown}
Potions
 b - a potion of magic
 f - a potion of brilliance


   Skills:
 - Level 3.0 Fighting
 - Level 2.1 Dodging
 - Level 2.0 Stealth
 - Level 2.0 Spellcasting
 * Level 1.7 Conjurations
 * Level 4.1 Air Magic


You had 5 spell levels left.
You knew the following spells:

 Your Spells              Type           Power      Damage    Failure   Level
a - Shock                 Conj/Air       44%        1d5       6%          1

Your spell library contained the following spells:

 Spells                   Type           Power      Damage    Failure   Level
 Static Discharge         Conj/Air       22%        2-3/arc   9%          2
 Swiftness                Air            15%        N/A       11%         3
 Airstrike                Air            7%         2d(2-18)  34%         4


Dungeon Overview and Level Annotations

Branches:
Dungeon (3/15)              Sewer (1/1)

Altars:
Yredelemnul

Annotations:
Sewer Pargi


Innate Abilities, Weirdness & Mutations

You have a beak for a mouth.
You have claws for feet.


Message History

Aiming: Shock (safe; 6% risk of failure)
Press: ? - help, Shift-Dir - straight line The zap hits Pargi.
Pargi is lightly wounded.
The zap hits Pargi.
Pargi is moderately wounded.
Pargi closely misses you. Pargi claws you. Pargi claws you but does no damage.
Casting: Shock (safe; 6% risk of failure)
Confirm with . or Enter, or press ? or * to list all spells.
Aiming: Shock (safe; 6% risk of failure)
Press: ? - help, Shift-Dir - straight line The zap hits Pargi.
Pargi is moderately wounded.
The zap hits Pargi.
Pargi is moderately wounded.
Pargi bites you. Pargi claws you.
* * * LOW HITPOINT WARNING * * *
Pargi barely misses you.
It was a potion of ambrosia.
You are confused.
You feel invigorated. Pargi completely misses you. Pargi closely misses you.
Pargi claws you.
* * * LOW HITPOINT WARNING * * *
It was a potion of resistance.
You feel protected. Pargi barely misses you. Pargi claws you.
* * * LOW HITPOINT WARNING * * *
Pargi claws you but does no damage.
Unknown command.
You are too confused!
You're too confused to cast spells.
You bump into the stone wall.
You feel less invigorated.
You feel less confused. Pargi bites you. Pargi claws you.
* * * LOW HITPOINT WARNING * * *
Pargi barely misses you.
As you read the scroll labelled SIWAM ELULLE, it crumbles to dust.
Magic quickly surges around you.
It was a scroll of vulnerability.
Pargi bites you!
You die...

## ###### #. #.##.# #.
#.##.#
#+##T##'##†##+##+##+#
######....@..............##
~~~~~#~~~~~~~~~.~~~~~~~~~#~
≈≈≈≈≈#≈≈≈≈≈≈≈≈≈∩≈≈≈≈≈≈≈≈≈#≈
~~~~~#~~~~~~~~~.~~~~~~~~~#~
###................)..#
#'##'##'##.##'##'##'#
#.##.##.##.##.##†##.#
#.##.##.##∩##.##.##.#
#####################


You could see Pargi (weak-willed).

Vanquished Creatures
  An adder (D:3)
  A dart slug (D:2)
  An orc (D:3)
  4 ball pythons
  4 endoplasms
  A goblin (D:3)
  3 hobgoblins
  5 jackals (D:1)
  3 kobolds
  2 bats (D:1)
  A frilled lizard (Sewer)
  4 rats (D:3)
30 creatures vanquished.

Notes
Turn   | Place    | Note
-------+----------+-------------------------------------------
     0 | D:1      | Lutefisk the Tengu Air Elementalist began the quest for the
                  | Orb.
     0 | D:1      | Reached XP level 1. HP: 10/10 MP: 4/4
    21 | D:1      | Reached skill level 1 in Fighting
    84 | D:2      | Reached XP level 2. HP: 12/16 MP: 3/6
   348 | D:3      | Reached XP level 3. HP: 15/22 MP: 3/7
   361 | D:3      | Found a basalt altar of Yredelemnul.
   467 | D:3      | Found a glowing drain.
   496 | Sewer    | Entered a sewer
   578 | Sewer    | Noticed Pargi
   588 | Sewer    | Slain by Pargi

Illustrated notes

Levels and vault maps discovered:
D:1:      matt_arrival_debris, layout_loops_ring
D:2:      layout_basic, dreamdust_ecumenical_altar_angels_and_demons,
          basic_altar, serial_forest, infiniplex_forest_end_2,
          infiniplex_forest_clump_small, infiniplex_forest_lined_corner,
          infiniplex_forest_3_way, infiniplex_forest_clump_curved,
          infiniplex_forest_split, infiniplex_forest_end_3,
          infiniplex_forest_zigzag_1, uniq_natasha
D:3:      layout_rooms, mainiacjoe_overflow_cross_hatched, portal_sewer_entry_b
Sewer:    kennysheep_door_sewer

Skill      XL: |  1  2  3 |
---------------+----------+-----
Fighting       | 1 2 3 |  3.0
Dodging        | |  2.1
Stealth        | |  2.0
Spellcasting   | |  2.0
Conjurations   | |  1.7
Air Magic      | |  4.1

Action                     || total
---------------------------++-------
  Melee: Unarmed           ||     5
         Kick              ||    10
         Short sword       ||    28
         Peck              ||     3
   Cast: Shock             ||    39
    Use: Potion            ||     3
         Scroll            ||     2
   Stab: Sleeping          ||     2
 Armour: Robe              ||    15
  Dodge: Dodged            ||    40
